Map: 포트 알렉산더 - 래더

Players

Maru - Winner!

  • Race: Terran Terran

INnoVation

  • Race: Terran Terran

Event: WESG 2018 Grand Finals

VOD

Have the link to the VOD?

Description

Time

  • Played on: March 16, 2019, 3:48 a.m.
  • Length: 10:14

All games in this series

Show
View Real Time Build Order
Export as new Build Order

Maru Terran - Winner!

Build Orders: Liberator Opening 

Get SALT Encoding   

  12  0:00  SCV  
  13  0:12  SCV  
  14  0:17  Supply Depot  
  14  0:24  SCV  
  15  0:30  Refinery  
  15  0:39  SCV  
  16  0:46  Barracks  
  16  0:51  SCV  
  17  0:57  Refinery  
  17  1:03  SCV  
  18  1:15  SCV  
  19  1:32  Reaper, Orbital Command  
  19  1:37  Factory  
  20  1:53  Supply Depot  
  20  1:58  SCV  
  21  2:06  Reaper  
  22  2:10  SCV  
  23  2:21  Hellion  
  25  2:29  Command Center  
  25  2:32  SCV  
  26  2:40  Starport  
  26  2:42  Factory Tech Lab  
  26  2:44  SCV  
  26  2:48  Barracks Reactor  
  27  2:53  Supply Depot  
  27  2:56  SCV  
  28  3:06  Cyclone  
  28  3:07  Liberator  
  31  3:15  SCV  
  32  3:25  Marine x2  
  37  3:29  SCV  
  38  3:36  Refinery  
  38  3:40  Orbital Command  
  38  3:41  SCV  
  38  3:45  Marine  
  38  3:46  Marine  
  41  4:01  Cyclone  
  44  4:05  SCV  
  44  4:06  SCV  
  44  4:08  Starport Tech Lab, Marine  
  44  4:09  Marine  
  48  4:12  Supply Depot  
  48  4:17  SCV  
  48  4:18  SCV  
  50  4:27  Raven  
  50  4:29  SCV  
  50  4:30  SCV  
  54  4:35  Siege Tank  
  54  4:36  Supply Depot  
  57  4:41  SCV  
  57  4:42  Refinery, SCV  
  57  4:43  Supply Depot  
  59  4:45  Marine  
  60  4:53  SCV  
  60  4:54  SCV  
  62  5:05  SCV  
  62  5:06  SCV  
  64  5:09  Siege Tank  
  63  5:18  SCV  
  63  5:19  SCV  
  65  5:25  Viking x2  
  65  5:28  Supply Depot  
  69  5:30  SCV  
  69  5:31  SCV  
  71  5:42  SCV  
  72  5:43  SCV  
  72  5:48  Siege Tank, Marine  
  77  5:51  Supply Depot  
  77  5:55  Viking  
  79  5:57  Viking  
  79  6:03  SCV x2  
  83  6:08  Liberator  
  83  6:11  Marine  
  83  6:12  Stimpack  
  83  6:14  Supply Depot  
  84  6:22  Siege Tank  
  87  6:29  Marine  
  87  6:31  SCV x2  
  93  6:43  SCV  
  93  6:46  Marine, Supply Depot  
  94  6:52  SCV  
  96  6:55  Command Center  
  96  6:59  Siege Tank  
  99  7:04  Marine  
  100  7:16  Liberator  
  100  7:21  SCV  
  100  7:22  Marine  
  71  7:31  SCV, Siege Tank  
  71  7:33  SCV  
  79  7:39  Viking  
  79  7:40  Marine  
  79  7:42  Barracks  
  79  7:43  SCV  
  80  7:45  Barracks  
  80  7:50  Engineering Bay  
  79  7:55  Engineering Bay  
  79  7:58  Marine  
  80  8:03  Siege Tank  
  83  8:07  Orbital Command  
  83  8:08  SCV  
  83  8:09  SCV  
  87  8:16  Marine  
  87  8:26  SCV x2, Barracks  
  89  8:27  Barracks  
  89  8:28  Barracks  
  89  8:29  Combat Shield  
  89  8:31  Barracks Reactor  
  89  8:33  SCV, Marine  
  89  8:35  Siege Tank  
  89  8:40  Starport Reactor  
  92  8:42  Missile Turret  
  92  8:51  Marine  
  92  8:53  SCV  
  92  8:54  SCV  
  95  9:01  Orbital Command  
  95  9:07  Siege Tank  
  95  9:09  Marine  
  99  9:16  Marine x4  
  84  9:18  SCV  
  84  9:19  SCV  
  84  9:22  Medivac x2  
  82  9:26  Marine  
  82  9:27  Marine  
  82  9:31  SCV x2  
  85  9:34  Marine x4  
  66  9:44  Marine  
  66  9:45  Marine  
  67  9:46  SCV x2  
  67  9:51  Marine  
  67  9:52  Marine x3  
  70  9:54  SCV  
Show
View Real Time Build Order
Export as new Build Order

INnoVation Terran 

Build Orders: Liberator Opening 

Get SALT Encoding   

  12  0:00  SCV  
  13  0:13  SCV  
  14  0:17  Supply Depot  
  14  0:25  SCV  
  15  0:39  SCV  
  15  0:41  Barracks  
  16  0:43  Refinery  
  16  0:51  SCV  
  17  1:03  SCV  
  18  1:15  SCV  
  19  1:27  Orbital Command  
  19  1:28  Reaper  
  20  1:54  SCV  
  20  1:55  Supply Depot  
  20  1:59  Marine  
  20  2:00  Bunker  
  22  2:03  Bunker  
  22  2:06  SCV  
  23  2:09  Factory  
  22  2:16  Command Center  
  22  2:18  SCV  
  23  2:24  Barracks Reactor  
  23  2:27  Refinery  
  23  2:31  SCV  
  24  2:43  SCV  
  25  2:54  Hellion  
  25  2:55  SCV, Starport  
  28  3:00  Marine x2  
  30  3:07  SCV  
  31  3:14  Liberator  
  31  3:17  Factory Tech Lab  
  30  3:24  SCV  
  31  3:27  Marine x2  
  31  3:29  Orbital Command  
  36  3:36  SCV  
  36  3:40  Supply Depot  
  37  3:45  Orbital Command  
  37  3:46  Cyclone  
  41  3:48  SCV  
  41  3:50  Marine x2  
  43  4:00  SCV  
  44  4:12  SCV x2  
  44  4:13  Marine x2  
  48  4:18  Starport Tech Lab  
  48  4:19  Siege Tank  
  48  4:22  Refinery, Supply Depot  
  51  4:24  SCV  
  51  4:25  SCV  
  53  4:36  SCV, Supply Depot  
  54  4:44  SCV, Barracks  
  55  4:48  Starport Reactor  
  55  4:50  Barracks  
  53  4:53  Engineering Bay  
  53  4:54  Stimpack  
  53  4:56  SCV x2  
  55  5:02  Siege Tank  
  55  5:04  Marine  
  58  5:11  SCV x2  
  57  5:19  Terran Infantry Weapons Level 1  
  54  5:23  SCV x2  
  56  5:31  Marine  
  56  5:32  Marine x2  
  56  5:33  Starport Reactor  
  59  5:35  SCV  
  59  5:36  SCV  
  59  5:37  Siege Tank  
  59  5:42  Supply Depot  
  64  5:43  Supply Depot  
  64  5:44  Marine x2  
  64  5:48  SCV x2  
  68  5:57  Marine x2  
  68  6:04  SCV x2, Marine x3, Supply Depot  
  70  6:09  Medivac x2, Supply Depot  
  78  6:15  Marine  
  78  6:16  Refinery, Marine  
  78  6:18  SCV  
  81  6:19  SCV  
  81  6:21  Marine x2  
  81  6:22  Marine  
  84  6:27  Siege Tank  
  86  6:37  Marine  
  86  6:38  Marine  
  86  6:39  Marine x2  
  89  6:40  Marine  
  89  6:43  Supply Depot  
  89  6:45  SCV x2  
  91  6:56  Marine x2  
  91  6:57  Marine x2  
  91  6:58  Marine  
  91  7:01  Combat Shield  
  92  7:06  Siege Tank  
  88  7:17  Terran Infantry Armor Level 1  
  88  7:29  SCV  
  67  7:30  SCV  
  67  7:31  Medivac x2  
  67  7:32  Marine x4  
  67  7:33  Marine  
  76  7:39  Siege Tank  
  76  7:41  SCV  
  76  7:42  SCV  
  81  7:50  Marine x5  
  86  7:54  SCV x2  
  88  8:03  Medivac x2  
  92  8:07  SCV x2  
  92  8:09  Marine x3  
  92  8:11  Siege Tank  
  99  8:15  Supply Depot  
  99  8:24  Marine x2  
  99  8:26  Marine  
  95  8:27  SCV, Marine x2  
  95  8:28  SCV  
  97  8:40  SCV x2  
  99  8:42  Marine  
  99  8:43  Marine  
  99  8:45  Marine  
  100  8:50  Siege Tank  
  103  9:02  Marine x5  
  106  9:06  SCV x2  
  106  9:09  Liberator  
  110  9:12  Liberator  
  96  9:20  Marine x3  
  96  9:21  Marine x2  
  96  9:22  Siege Tank  
  103  9:38  Marine x4  
Tags
 
Add a new tag
Caveats
  • Supply blocks, unpowered buildings, or Contaminate may cause inaccurate times.
  • Supply counts are checked every 10 seconds.